[Event "Late-Titled-Tuesday-Blitz-February-13-2024"]
[Site "Chess.com"]
[Date "2024.02.13"]
[Round "2"]
[White "Misterfox120"]
[Black "yuriydovzik"]
[Result "0-1"]
[WhiteElo "2420"]
[BlackElo "2108"]
[TimeControl "180+1"]
[EndTime "14:17:12 PST"]
[Termination "yuriydovzik won by resignation"]

1. d4 Nf6 2. Bf4 c5 3. e3 e6 4. Nf3 b6 5. Nc3 Bb7 6. Nb5 d6 7. dxc5 e5 8. cxd6 exf4 9. Nc7+ Kd7 10. Ne5+ Kc8 11. Nxf7 Qd7 12. Nxh8 Bxd6 13. Nxa8 Bxa8 14. Nf7 Bb4+ 15. c3 Bxc3+ 16. bxc3 Qxf7 17. Be2 Bxg2 18. Rg1 Bc6 19. Qd4 f3 20. Bc4 Qe7 21. Rd1 Nbd7 22. Qd6 Qxd6 23. Rxd6 Kc7 24. Rd4 g6 25. Rf4 Kd6 26.
Bd3 Ke7 27. Kd2 Ne5 28. Ra1 Nd5 29. Rh4 h5 30. e4 Nf6 31. Rg1 Nfg4 32. h3 Nxf2 33. Rf4 Nfxd3 34. Rxf3 Nxf3+ 35. Kxd3 0-1

[Event "Late-Titled-Tuesday-Blitz-February-13-2024"]
[Site "Chess.com"]
[Date "2024.02.13"]
[Round "2"]
[White "HanSchut"]
[Black "cande_francisco"]
[Result "1-0"]
[WhiteElo "2267"]
[BlackElo "2489"]
[TimeControl "180+1"]
[EndTime "14:17:13 PST"]
[Termination "HanSchut won by resignation"]

1. e4 c5 2. Nf3 d6 3. d4 cxd4 4. Nxd4 Nf6 5. f3 e5 6. Bb5+ Nbd7 7. Nf5 a6 8. Ba4 b5 9. Bb3 Nc5 10. Ne3 Bb7 11. Nc3 Be7 12. Bd5 Nxd5 13. Ncxd5 g6 14. O-O O-O 15. c3 f5 16. exf5 gxf5 17. Nxe7+ Qxe7 18. Nd5 Qf7 19. Nb6 Rad8 20. a4 Bc6 21. a5 f4 22. b4 Ne6 23. Qe2 Kh8 24. Bb2 Rg8 25.
Rfd1 Ng5 26. Kh1 Rg6 27. c4 Re8 28. cxb5 Bxb5 29. Qd2 Kg8 30. Qd5 Rge6 31. Rac1 Be2 32. Rd2 Bb5 33. Rc8 Kg7 34. Rdc2 h6 35. R8c7 R8e7 36.
Rxe7 Qxe7 37. Nc8 Qd7 38. Nb6 Qf7 39. Na8 Nh7 40. Rc7 Re7 41. Qb7 Rxc7 42. Qxc7 Qxc7 43.
Nxc7 Bc4 44. Ne8+ Kf8 45. Nxd6 Bd3 46. b5 Bxb5 47. Nxb5 axb5 48. a6 1-0

[Event "Late-Titled-Tuesday-Blitz-February-13-2024"]
[Site "Chess.com"]
[Date "2024.02.13"]
[Round "2"]
[White "nindjaxx8"]
[Black "platy3"]
[Result "0-1"]
[WhiteElo "2588"]
[BlackElo "2933"]
[TimeControl "180+1"]
[EndTime "14:17:15 PST"]
[Termination "platy3 won by resignation"]

1. d4 Nf6 2. c4 e6 3. Nc3 d5 4. cxd5 exd5 5. Bg5 c6 6. e3 Be7 7. Nf3 Bf5 8. Bd3 Bxd3 9. Qxd3 Nbd7 10. O-O O-O 11.
Rfe1 h6 12. Bh4 Re8 13. Re2 a5 14. Rae1 Nf8 15. e4 dxe4 16. Nxe4 Ne6 17. Nxf6+ Bxf6 18. Bxf6 Qxf6 19. d5 Red8 20. Qb3 Nc5 21. Qb6 Rxd5 22.
h3 Qd8 23. Re8+ Qxe8 24. Rxe8+ Rxe8 25. Qxa5 Ne6 26. Qa7 Re7 27. Kh2 Red7 28. b4 Kh7 29. Qb8 Nd4 30. Nxd4 Rxd4 31. Qe5 R4d5 32. Qe4+ g6 33. a4 Kg7 34. Qc4 R7d6 35. b5 cxb5 36. axb5 b6 37. Qc3+ Kh7 38. Qc7 Rf6 39. Qc4 Rff5 40.
f3 Rc5 41. Qd4 Rxb5 42. Qd7 Rbd5 43. Qb7 Rd6 44. g4 Rff6 45. Kg3 Rd3 46. Kg2 Rdxf3 47. h4 Rf2+ 48. Kg1 R2f4 49. Qc8 h5 50. gxh5 gxh5 51.
Qc3 Rg6+ 52. Qg3 0-1

[Event "Late-Titled-Tuesday-Blitz-February-13-2024"]
[Site "Chess.com"]
[Date "2024.02.13"]
[Round "2"]
[White "Mariia89"]
[Black "dolynachess"]
[Result "1-0"]
[WhiteElo "2232"]
[BlackElo "2480"]
[TimeControl "180+1"]
[EndTime "14:17:15 PST"]
[Termination "Mariia89 won on time"]

1. d4 Nf6 2. Nf3 g6 3. c4 c5 4. Nc3 cxd4 5. Nxd4 Bg7 6. e4 O-O 7. Be2 Nc6 8. Be3 d6 9. O-O Bd7 10. f3 Nxd4 11. Bxd4 Bc6 12. Rc1 Qa5 13. a3 Rfc8 14.
Kh1 a6 15. Re1 Nd7 16. Bxg7 Kxg7 17. Qd4+ Qe5 18. Qd2 Rab8 19. b4 b5 20. cxb5 axb5 21. f4 Qe6 22. Nd5 Nf6 23. Bf3 Bxd5 24. exd5 Qd7 25. Qe2 Kf8 26. g4 Rxc1 27. Rxc1 Ra8 28. Rc3 h6 29. Kg2 g5 30. fxg5 hxg5 31. Qd2 Nxg4 32. Qxg5 Nf6 33. Qh6+ Kg8 34. Bh5 1-0

[Event "Late-Titled-Tuesday-Blitz-February-13-2024"]
[Site "Chess.com"]
[Date "2024.02.13"]
[Round "2"]
[White "DonJuan_34"]
[Black "gomeschess02"]
[Result "1-0"]
[WhiteElo "2472"]
[BlackElo "2181"]
[TimeControl "180+1"]
[EndTime "14:17:15 PST"]
[Termination "DonJuan_34 won on time"]

1. d4 Nf6 2. c4 g6 3. Nc3 Bg7 4. e4 d6 5. Nf3 O-O 6. Be2 e5 7. O-O Na6 8. Be3 Ng4 9. Bg5 f6 10. Bc1 f5 11. h3 Nf6 12. dxe5 dxe5 13. Qxd8 Rxd8 14. exf5 e4 15. Ng5 gxf5 16. c5 Nxc5 17. Bc4+ Kf8 18. Be3 Nd3 19. Rfd1 h6 20. Ne6+ Bxe6 21.
Bxe6 f4 22. Bc1 Re8 23. Bf5 Rad8 24. Bg6 Re7 25. Kf1 Rd6 26. Rb1 c6 27. b3 Rdd7 28. Ba3 c5 29. f3 e3 30. Bxd3 1-0

[Event "Late-Titled-Tuesday-Blitz-February-13-2024"]
[Site "Chess.com"]
[Date "2024.02.13"]
[Round "2"]
[White "BigAl"]
[Black "a-z30"]
[Result "1-0"]
[WhiteElo "2527"]
[BlackElo "2305"]
[TimeControl "180+1"]
[EndTime "14:17:16 PST"]
[Termination "BigAl won on time"]

1. Nf3 d6 2. e4 Nf6 3. Nc3 g6 4.
d4 Bg7 5. Be3 O-O 6. Qd2 Bg4 7.
Ng5 Nc6 8. d5 Nb8 9. h3 Bd7 10.
Be2 c6 11. h4 cxd5 12. exd5 h6 13. Nf3 Ng4 14. Bd4 Bxd4 15. Qxd4 Qb6 16. Qxb6 axb6 17. Nd4 Na6 18. h5 g5 19. Bb5 Bxb5 20. Ncxb5 Rfc8 21.
c3 Nc7 22. Nxc7 Rxc7 23. O-O Nf6 24. Nf5 Nxd5 25. Nxh6+ Kg7 26. Nf5+ Kf6 27. Ng3 Nf4 28.
Rfe1 d5 29. a3 e6 30. Rad1 Rh8 31. Rd4 Nxh5 32. Ne2 Ng7 33. Rb4 Rc6 34. Nd4 Rd6 35. Nb5 Rc6 36. Na7 Rd6 37. Nb5 Rc6 38. a4 Nf5 39. Na7 Rd6 40. Ra1 Rh4 41. Rb3 d4 42. Nc8 Rc6 43. Nxb6 dxc3 44. bxc3 Re4 45. Nd7+ Kg6 46.
a5 f6 47. Rxb7 1-0

[Event "Late-Titled-Tuesday-Blitz-February-13-2024"]
[Site "Chess.com"]
[Date "2024.02.13"]
[Round "2"]
[White "Rutricks"]
[Black "UK_23"]
[Result "1-0"]
[WhiteElo "2696"]
[BlackElo "2368"]
[TimeControl "180+1"]
[EndTime "14:17:17 PST"]
[Termination "Rutricks won by resignation"]

1. Nc3 e5 2. e4 Nc6 3. Bc4 Nf6 4. d3 Bb4 5. Ne2 d5 6. exd5 Nxd5 7. O-O Nxc3 8. bxc3 Bd6 9. Ng3 O-O 10. Qh5 g6 11.
Qh6 Qf6 12. Bg5 Qg7 13. Qh4 h5 14. Ne4 Be6 15. Nf6+ Kh8 16. Nd7 Bxd7 17. Bf6 Be7 18. Bxg7+ Kxg7 19. Qe4 f5 20. Qd5 Rad8 21. Qb5 b6 22.
Qa6 Bf6 23. Qb7 Rc8 24. Rfe1 Na5 25. Qxa7 Nxc4 26. dxc4 Bc6 27. c5 b5 28. Qa6 Bd5 29.
Qxb5 c6 30. Qb7+ Kg8 31. a4 Rb8 32. Qa6 e4 33. Ra3 f4 34. c4 Ra8 35. Qb7 Rab8 36. Qc7 Bxc4 37. Qxc6 e3 38. Qe4 exf2+ 39. Kxf2 Rb4 40.
Qxg6+ Bg7 41. Re7 Bf7 42. Rxf7 Rxf7 43. a5 Rf6 44. Qe8+ Rf8 45. Qe6+ Rf7 46. a6 Bd4+ 47. Ke2 Bxc5 48. Qc8+ Bf8 49. a7 Re4+ 50. Kf1 Rfe7 51. Qxf8+ Kxf8 52. a8=Q+ 1-0

[Event "Late-Titled-Tuesday-Blitz-February-13-2024"]
[Site "Chess.com"]
[Date "2024.02.13"]
[Round "2"]
[White "pedroholly22"]
[Black "elgrona"]
[Result "1-0"]
[WhiteElo "2525"]
[BlackElo "2299"]
[TimeControl "180+1"]
[EndTime "14:17:17 PST"]
[Termination "pedroholly22 won by checkmate"]

1. Nf3 Nf6 2. b3 g6 3. Bb2 Bg7 4. g3 O-O 5. Bg2 d6 6. O-O Nbd7 7.
d4 Rb8 8. Nbd2 c5 9. e4 cxd4 10. Nxd4 Nc5 11. h3 Bd7 12. f4 Qc8 13. Kh2 Rd8 14. e5 Ne8 15. Nc4 d5 16. Ne3 e6 17. Rc1 b5 18. g4 Qc7 19. Ba1 g5 20.
c4 bxc4 21. bxc4 gxf4 22. cxd5 fxe3 23. d6 Nxd6 24. exd6 Qxd6+ 25. Kh1 Ba4 26. Qf3 Bxd4 27. Qxf7+ Kh8 28. Bxd4+ Qxd4 29. Rxc5 e2 30. Re1 Qxc5 31. Qf6+ Kg8 32. Qxe6+ Kg7 33. g5 Bd1 34. Qh6+ Kg8 35. Qe6+ Kg7 36. Qf6+ Kg8 37. Qe6+ Kf8 38. Qf6+ Ke8 39.
Qh8+ Ke7 40. Qxh7+ Ke6 41. Qg6+ Ke5 42. Qf6# 1-0

[Event "Late-Titled-Tuesday-Blitz-February-13-2024"]
[Site "Chess.com"]
[Date "2024.02.13"]
[Round "2"]
[White "Zq1"]
[Black "rikchessmx"]
[Result "0-1"]
[WhiteElo "2502"]
[BlackElo "2305"]
[TimeControl "180+1"]
[EndTime "14:17:17 PST"]
[Termination "rikchessmx won by resignation"]

1. d4 c5 2. d5 d6 3. Nc3 g6 4. e4 Bg7 5. Nf3 Nf6 6. Be2 O-O 7. O-O b6 8. a4 a6 9. h3 Qc7 10. Bf4 Nbd7 11. Re1 Nh5 12. Bg5 Re8 13. Nd2 Nhf6 14. Nc4 Ne5 15. Nxe5 dxe5 16. Bc4 Qd6 17. Qf3 Bd7 18.
Qe2 Bc8 19. f4 Nh5 20. f5 h6 21. Bd2 Kh7 22. g4 Nf6 23. Rf1 g5 24. Kg2 e6 25.
fxe6 fxe6 26. dxe6 Bxe6 27. Bxe6 Qxe6 28. Rf5 Rf8 29.
Raf1 Qc6 30. Qf3 b5 31. axb5 axb5 32. h4 gxh4 33. g5 Nd7 34. Nd5 hxg5 35. Bxg5 Qg6 36.
Kh3 Rxf5 37. Qxf5 Qxf5+ 38. Rxf5 Rf8 39. Kg4 h3 40. Rf7 0-1

[Event "Late-Titled-Tuesday-Blitz-February-13-2024"]
[Site "Chess.com"]
[Date "2024.02.13"]
[Round "2"]
[White "Walter_White_Poland"]
[Black "shirovin"]
[Result "1-0"]
[WhiteElo "2440"]
[BlackElo "2107"]
[TimeControl "180+1"]
[EndTime "14:17:17 PST"]
[Termination "Walter_White_Poland won on time"]

1. d4 Nf6 2. Bf4 g6 3. e3 Bg7 4.
h3 O-O 5. Nf3 d6 6. Be2 c5 7. O-O cxd4 8. exd4 Nc6 9. c3 e5 10.
dxe5 Nh5 11. Bg5 f6 12. exf6 Nxf6 13. Na3 d5 14. Nb5 a6 15. Nbd4 Qb6 16. Qb3 Qxb3 17.
axb3 Ne4 18. Be3 Bd7 19. Rfd1 Rae8 20. b4 Ng3 21. Bd3 Ne4 22. Nxc6 Bxc6 23. Nd4 Bd7 24.
b5 Bxd4 25. Bxd4 axb5 26. Ra5 Nf6 27. Bxb5 Rd8 28. Bxd7 Rxd7 29. Bxf6 Rxf6 30. Raxd5 Re7 31. Rd8+ Kg7 32. R8d7 Kf8 33. Rxe7 Kxe7 34. f3 Rb6 35. b4 Ra6 36. Rd2 Ke6 37. Kf2 Ra3 38. Rc2 Kd5 39.
Ke3 Kc4 40. Kd2 Rb3 41. g3 Ra3 42. h4 Ra1 43. b5 Rg1 44. g4 Rg2+ 45. Kc1 Rg1+ 46.
Kb2 1-0

[Event "Late-Titled-Tuesday-Blitz-February-13-2024"]
[Site "Chess.com"]
[Date "2024.02.13"]
[Round "2"]
[White "effefe"]
[Black "rhungaski"]
[Result "0-1"]
[WhiteElo "2297"]
[BlackElo "2519"]
[TimeControl "180+1"]
[EndTime "14:17:18 PST"]
[Termination "rhungaski won on time"]

1. d4 g6 2. c4 Bg7 3. Nc3 c5 4. d5 Bxc3+ 5. bxc3 f5 6. e4 fxe4 7. f3 e5 8. Qc2 d6 9. h4 h6 10. fxe4 Bg4 11. Nf3 Nf6 12. Be3 Nbd7 13. Bd3 Qa5 14. O-O O-O-O 15. Rab1 Rdf8 16. Nh2 Bh5 17. Qd2 g5 18.
hxg5 hxg5 19. Bxg5 Ne8 20. Be7 Rfg8 21. Rf2 Qc7 22.
Rbf1 Nb6 23. Bg5 Qg7 24. Be3 Qh7 25. Kh1 Be2 26. g3 Bxf1 27. Bxf1 Qxe4+ 28. Bg2 Qxc4 29. Kg1 Rf8 30. Nf1 Qg4 31. Rxf8 Rxf8 32. Bf2 Qf5 33.
Ne3 Qb1+ 34. Nf1 Kb8 35. Qh6 Nd7 36. Qh4 Nef6 37. Bh3 Qg6 38. Be6 Qg7 39. Qh3 Rh8 40. Nh2 Rxh3 41. Bxh3 Nxd5 42. c4 Nf4 43. Bf5 Nf6 44.
Kh1 N4h5 0-1

[Event "Late-Titled-Tuesday-Blitz-February-13-2024"]
[Site "Chess.com"]
[Date "2024.02.13"]
[Round "2"]
[White "chenxiaoyuer"]
[Black "andrzej"]
[Result "1-0"]
[WhiteElo "2760"]
[BlackElo "2520"]
[TimeControl "180+1"]
[EndTime "14:17:19 PST"]
[Termination "chenxiaoyuer won on time"]

1. e4 e5 2. Nf3 Nf6 3. Nxe5 d6 4. Nd3 Nxe4 5. Qe2 Qe7 6. Nf4 c6 7. d4 Bf5 8. c3 Nd7 9. f3 Nef6 10. g4 Bg6 11. h4 O-O-O 12. Nd2 Re8 13. Qxe7 Rxe7+ 14. Kf2 h5 15. g5 Ng8 16. Nxg6 fxg6 17. Bd3 Re6 18.
Ne4 d5 19. Ng3 Bd6 20. Bd2 Ne7 21. Rae1 Rxe1 22. Rxe1 Rf8 23. Rxe7 Bxe7 24. Bxg6 Rh8 25. Nxh5 Nf8 26. Bf5+ Kd8 27. Nxg7 Rxh4 28. Kg2 Bd6 29. Kf1 Rh2 30. Be1 Ke7 31. Bg4 Kf7 32.
Nh5 Ng6 33. Bf2 Rh1+ 34. Ke2 Rb1 35. Kd3 Rxb2 36. Be3 Rxa2 37. f4 Nh4 38. f5 Ng2 39.
g6+ Kg8 40. Bh6 Ne1+ 41. Ke3 Nc2+ 42. Ke2 Nxd4+ 43. Kd3 Nxf5 44. Bxf5 Be5 45. Be6+ Kh8 46. Bf4 Bg7 47. Bf7 Ra3 48. Nxg7 Kxg7 49. Be5+ Kf8 50. Bd6+ Kg7 51. Bxa3 1-0

[Event "Late-Titled-Tuesday-Blitz-February-13-2024"]
[Site "Chess.com"]
[Date "2024.02.13"]
[Round "2"]
[White "Viktor_Poddubnyi"]
[Black "Lucas_Tomiello"]
[Result "0-1"]
[WhiteElo "2265"]
[BlackElo "2704"]
[TimeControl "180+1"]
[EndTime "14:17:19 PST"]
[Termination "Lucas_Tomiello won on time"]

1. e4 c6 2. d4 d5 3. exd5 cxd5 4. c4 Nf6 5. Nc3 Nc6 6. Bg5 e6 7. Nf3 Be7 8. c5 O-O 9. Bb5 Bd7 10. O-O b6 11. Bxc6 Bxc6 12. Ne5 Be8 13. b4 Rc8 14. Re1 h6 15. Bh4 bxc5 16. bxc5 Qa5 17. Qd2 Rb8 18. Rab1 Rxb1 19. Rxb1 Qa6 20. h3 Ne4 21. Nxe4 Bxh4 22. Nd6 Be7 23. Nb7 Bb5 24. Qa5 Qxa5 25. Nxa5 a6 26. f3 Bg5 27. Kf2 Bd2 28. Nb3 Bc3 29. Rc1 Bb2 30. Rc2 Ba3 31. c6 Bd6 32. Nd7 Rc8 33. Na5 Bb4 34. Nb6 Rc7 35. Na8 Bxa5 36. Nxc7 Bxc7 37. Ke3 Kf8 0-1

[Event "Late-Titled-Tuesday-Blitz-February-13-2024"]
[Site "Chess.com"]
[Date "2024.02.13"]
[Round "2"]
[White "pooh2012"]
[Black "KNVB"]
[Result "0-1"]
[WhiteElo "2560"]
[BlackElo "2861"]
[TimeControl "180+1"]
[EndTime "14:17:20 PST"]
[Termination "KNVB won on time"]

1. Nf3 Nf6 2. g3 b6 3. Bg2 Bb7 4. d3 c5 5. O-O e6 6. e4 d6 7. a4 Nc6 8. Nbd2 Be7 9. Nh4 Nd7 10. Nhf3 a6 11. c3 Rc8 12. Nc4 O-O 13. Bf4 Qc7 14. h4 Nde5 15. Qe2 b5 16. axb5 axb5 17. Ncxe5 dxe5 18. Be3 Ra8 19. d4 exd4 20. cxd4 c4 21. Rad1 Nb4 22. Bf4 Bd6 23. Bxd6 Qxd6 24. e5 Qe7 25. Qd2 h6 26. Qc3 Rfd8 27. b3 Ra3 28. Rb1 Be4 29. Rb2 Nd5 30. Qe1 c3 31. Re2 Bd3 32.
Re3 Bxf1 0-1

[Event "Late-Titled-Tuesday-Blitz-February-13-2024"]
[Site "Chess.com"]
[Date "2024.02.13"]
[Round "2"]
[White "TenisMaster"]
[Black "reevecanada"]
[Result "1-0"]
[WhiteElo "2929"]
[BlackElo "2587"]
[TimeControl "180+1"]
[EndTime "14:17:21 PST"]
[Termination "TenisMaster won on time"]

1. e4 c5 2. Nf3 d6 3. d4 cxd4 4.
Nxd4 Nf6 5. Nc3 a6 6. Be3 e5 7.
Nb3 Be6 8. f3 Be7 9. Qd2 h5 10. Nd5 Nbd7 11. Nxe7 Qxe7 12. O-O-O d5 13. exd5 Nxd5 14. Bg5 f6 15. Bh4 Rc8 16. Kb1 Nb4 17. Bd3 O-O 18. Bg6 a5 19. Qd6 Qxd6 20. Rxd6 Rc6 21.
Rhd1 a4 22. Nc1 Nc5 23. a3 Rxd6 24. Rxd6 Nc6 25. Bf2 Nd4 26. Bxd4 exd4 27. Rxd4 Rc8 28. Bxh5 Bf5 29. Bg4 Bxg4 30. Rxg4 Rd8 31. b4 axb3 32. Nxb3 Ne6 33. Kc1 Rd7 34. Re4 Rd6 35. Rb4 b6 36. a4 Kf7 37. h4 Rc6 38. Nd4 Nxd4 39. Rxd4 Kg6 40. g4 Kh6 41. Kd2 g5 42. h5 f5 43. Kd3 fxg4 44. fxg4 Rf6 45. Kc4 Rc6+ 46. Kb3 Rf6 47. c3 Rc6 48. Kb4 Rf6 49. Kb5 Re6 50.
c4 Rf6 51. c5 bxc5 52. Kxc5 Ra6 53. Rd6+ Rxd6 54. Kxd6 1-0

[Event "Late-Titled-Tuesday-Blitz-February-13-2024"]
[Site "Chess.com"]
[Date "2024.02.13"]
[Round "2"]
[White "CarlosjPineror"]
[Black "hmatyi07"]
[Result "1-0"]
[WhiteElo "2701"]
[BlackElo "2252"]
[TimeControl "180+1"]
[EndTime "14:17:22 PST"]
[Termination "CarlosjPineror won on time"]

1. e4 c6 2. d4 d5 3. e5 c5 4. c3 Nc6 5. Nf3 cxd4 6. cxd4 Bg4 7. Be3 e6 8. a3 Nge7 9. Bd3 Nf5 10. Qa4 Bxf3 11.
gxf3 Nh4 12. Nd2 Be7 13. Bb5 O-O 14. Ke2 Nf5 15. Bxc6 bxc6 16. Rac1 c5 17. dxc5 d4 18.
Bf4 d3+ 19. Kd1 Nd4 20. Qc4 Ne2 21. Be3 Nxc1 22. Kxc1 a5 23. Ne4 Qd5 24. Qxd5 exd5 25. Nd6 f6 26. f4 fxe5 27. fxe5 Rab8 28. Rd1 a4 29. Rxd3 Bh4 30. f4 g5 31. f5 g4 32. f6 Rb3 33. Rxb3 axb3 34. c6 g3 35. hxg3 Bxg3 36. Bd4 h5 37. c7 h4 38. Nf5 Bf4+ 39.
Kd1 Kf7 40. Nxh4 Ke6 41. Ng6 Bxe5 42. Nxf8+ Kd6 43. Bxe5+ 1-0

[Event "Late-Titled-Tuesday-Blitz-February-13-2024"]
[Site "Chess.com"]
[Date "2024.02.13"]
[Round "2"]
[White "biostatistician"]
[Black "BilodeauA"]
[Result "0-1"]
[WhiteElo "2596"]
[BlackElo "2947"]
[TimeControl "180+1"]
[EndTime "14:17:23 PST"]
[Termination "BilodeauA won by checkmate"]

1. d4 d5 2. Nf3 Nf6 3. c4 dxc4 4. e3 Bg4 5. Bxc4 e6 6. Qa4+ c6 7. Bd3 Bxf3 8. gxf3 Nbd7 9. f4 Nb6 10. Qc2 Qd5 11. Rg1 Qh5 12. Rg2 Nfd5 13. a3 f5 14. Nd2 g6 15. Be2 Qh3 16. Bf1 Qh6 17. Nf3 Bd6 18. Bd2 O-O-O 19. Ng5 Rd7 20. Nxe6 Re8 21. Nc5 Bxc5 22.
dxc5 Na8 23. O-O-O Nac7 24. Bc4 Red8 25. Be2 Nf6 26.
Bc3 Rxd1+ 27. Bxd1 Ne4 28. Bf3 Nxc3 29. Qxc3 Qh3 30. Rg3 Qf1+ 31. Kc2 Qxf2+ 32. Kb3 Nb5 33. Qe5 Rd3+ 34. Ka4 Qc2+ 35. Ka5 Qd2+ 36. Ka4 Rxe3 37. Qh8+ Qd8 38. Qxh7 Qd4+ 39. Ka5 Rxa3+ 40. bxa3 Qc3+ 41. Ka4 Qxa3# 0-1

[Event "Late-Titled-Tuesday-Blitz-February-13-2024"]
[Site "Chess.com"]
[Date "2024.02.13"]
[Round "2"]
[White "Yurovskykh_Oleksandr"]
[Black "Felix-Rose"]
[Result "1-0"]
[WhiteElo "2693"]
[BlackElo "2242"]
[TimeControl "180+1"]
[EndTime "14:17:24 PST"]
[Termination "Yurovskykh_Oleksandr won by checkmate"]

1. d4 d5 2. Bf4 Nf6 3. e3 e6 4. Nd2 Bd6 5. Bg3 O-O 6. Bd3 c5 7. c3 b6 8. e4 Be7 9. e5 Nfd7 10. f4 Ba6 11. Bxa6 Nxa6 12. a3 f5 13. Ngf3 cxd4 14.
cxd4 b5 15. O-O Qb6 16. b4 Rac8 17. Nb3 h6 18. Nc5 Naxc5 19. dxc5 Qc7 20. Nd4 Bxc5 21. bxc5 Nxc5 22. Nxb5 Qb6 23. Nd6 Ne4+ 24. Bf2 Nxf2 25. Rxf2 Rc3 26. Qd2 Rb3 27. h3 Rb8 28. Kh2 Kh7 29.
Rc1 Rxa3 30. Qc2 d4 31. Rd2 Rc3 32. Qd1 Qc5 33. Ra1 Rb4 34. Rda2 d3 35. Rxa7 Rxf4 36.
Rxg7+ Kxg7 37. Qh5 Qc7 38. Ne8+ Kh7 39. Nxc7 Rxc7 40.
Ra8 Rd7 41. Qe8 Rfd4 42. Qg8# 1-0

[Event "Late-Titled-Tuesday-Blitz-February-13-2024"]
[Site "Chess.com"]
[Date "2024.02.13"]
[Round "2"]
[White "Ducke13"]
[Black "ahkashefi2800"]
[Result "1-0"]
[WhiteElo "2349"]
[BlackElo "2516"]
[TimeControl "180+1"]
[EndTime "14:17:24 PST"]
[Termination "Ducke13 won on time"]

1. d4 d5 2. Nf3 c6 3. c4 Nf6 4.
g3 Bf5 5. Nc3 e6 6. Nh4 Be4 7.
f3 Bg6 8. Qb3 Qb6 9. Nxg6 hxg6 10. c5 Qc7 11. e4 Nbd7 12. e5 Ng8 13. Qa4 Ne7 14. Be3 b5 15. Bxb5 Rb8 16. Be2 Rxb2 17. Nd1 Rb8 18. g4 g5 19. Bxg5 Ng6 20. Be3 Nh4 21.
Kf2 Be7 22. f4 g5 23. fxg5 Bxc5 24. dxc5 Nxe5 25. Qd4 Nhg6 26. Kg2 Nh4+ 27. Kf2 Nhg6 28. Bf3 Rb4 29. Qd2 Rb5 30. a4 1-0

[Event "Late-Titled-Tuesday-Blitz-February-13-2024"]
[Site "Chess.com"]
[Date "2024.02.13"]
[Round "2"]
[White "LastHeroJr"]
[Black "miraitrunks"]
[Result "1-0"]
[WhiteElo "2478"]
[BlackElo "2195"]
[TimeControl "180+1"]
[EndTime "14:17:24 PST"]
[Termination "LastHeroJr won on time"]

1. e4 c5 2. Nc3 e6 3. g3 d5 4. e5 Nc6 5. f4 g5 6. d3 gxf4 7.
Bxf4 Bh6 8. Bxh6 Nxh6 9. Qh5 Nf5 10. Nf3 Ncd4 11. Nxd4 cxd4 12. Ne2 Qa5+ 13. c3 Ne3 14. Kf2 dxc3 15. Kxe3 cxb2 16. Rb1 Qxa2 17. Bh3 d4+ 18. Nxd4 Bd7 19. Qe2 Qd5 20. Qxb2 Qxe5+ 21. Kd2 Qg5+ 22. Ke1 O-O 23. Bg2 Qe3+ 24. Ne2 Qxd3 25. Rd1 Qb5 26. Qxb5 Bxb5 27. Bxb7 Rab8 28. Bf3 Rfc8 29. Kf2 Rc2 30. Rc1 Rb2 31. Rb1 Bxe2 32. Rxb2 Rxb2 33. Bxe2 a5 34. Ra1 Kg7 35. Rxa5 Rd2 36. h4 h6 37. Ke3 Rd7 38. Bf3 f5 39. Rb5 Kf6 40. Rb7 Rxb7 41. Bxb7 e5 42.
Kf3 Ke6 43. Bc8+ Kf6 44. Bd7 Kg6 45. Be8+ Kf6 46. Ba4 Kg6 47. Bc2 Kf6 48. Bb1 Ke6 49.
Kg2 Kf6 50. Kh3 Ke6 51. h5 Kf6 52. Kh4 e4 53. Kh3 Ke5 54. Kg2 Kd4 55. Kf2 1-0

[Event "Late-Titled-Tuesday-Blitz-February-13-2024"]
[Site "Chess.com"]
[Date "2024.02.13"]
[Round "2"]
[White "Korchmar_Vasiliy"]
[Black "AsaHoffmann"]
[Result "1-0"]
[WhiteElo "2738"]
[BlackElo "2430"]
[TimeControl "180+1"]
[EndTime "14:17:25 PST"]
[Termination "Korchmar_Vasiliy won by resignation"]

1. e4 d6 2. d4 c6 3. Nc3 a6 4. Bd3 g6 5. Nf3 Bg4 6. h3 Bxf3 7. Qxf3 Bg7 8. Be3 Qb6 9. O-O-O Bxd4 10. Bxd4 Qxd4 11.
Nd5 Qa4 12. Nc7+ Kf8 13. Nxa8 Qxa2 14. e5 Nd7 15. exd6 exd6 16. c3 Ne5 17. Qe3 Kg7 18.
Bb1 Qa5 19. Rxd6 Nf6 20. Nb6 Re8 21. Qf4 Nh5 22. Qb4 Qa1 23. Qa4 Qxa4 24. Nxa4 Nf4 25. g3 Ne6 26. Re1 Nc4 27. Rd7 b5 28. Nc5 Nxc5 29.
Rxe8 Nxd7 30. Ba2 Ndb6 31. Rb8 a5 32. b3 Nd5 33. bxc4 Nxc3 34. cxb5 Nxa2+ 35. Kb2 Nb4 36. b6 c5 37. b7 Nc6 38. Rc8 Ne5 39. b8=Q Nc4+ 40. Kc3 1-0

[Event "Late-Titled-Tuesday-Blitz-February-13-2024"]
[Site "Chess.com"]
[Date "2024.02.13"]
[Round "2"]
[White "pirulillo"]
[Black "KnobbedHornbill"]
[Result "0-1"]
[WhiteElo "2291"]
[BlackElo "2518"]
[TimeControl "180+1"]
[EndTime "14:17:26 PST"]
[Termination "KnobbedHornbill won by checkmate"]

1. e4 c5 2. Nf3 e6 3. d3 Nc6 4. g3 Nf6 5. Bg2 Be7 6. O-O O-O 7. Re1 d5 8. e5 Nd7 9. Bf4 b5 10. h4 h6 11. a4 Ba6 12. Nbd2 b4 13. Nf1 Re8 14. c3 bxc3 15. bxc3 Qa5 16. Bd2 Bxd3 17. c4 Qa6 18. cxd5 exd5 19. e6 fxe6 20. Rxe6 Nf8 21.
Rxc6 Qxc6 22. Ne5 Qa6 23. Bxd5+ Kh8 24. Nxd3 Qxd3 25. Bxa8 Rxa8 26. Qc1 Bf6 27. Ra3 Qd6 28. Bf4 Qe7 29. Ne3 Rd8 30. Nf5 Qe2 31. Nd6 Qe6 32.
Re3 Qd5 33. Nc4 Ne6 34. Be5 Bxe5 35. Rxe5 Qc6 36. Kh2 Nd4 37. Kh3 Qd7+ 38. Kg2 Qb7+ 39. Kh3 Rf8 40. Qe3 Nf3 41. Re8 Ng1+ 42. Kh2 Nf3+ 43.
Kh3 Qd7+ 44. Kg2 Nxh4+ 45. gxh4 Rxe8 46. Qxc5 Qg4+ 47. Kf1 Qh3+ 48. Kg1 Re1# 0-1

[Event "Late-Titled-Tuesday-Blitz-February-13-2024"]
[Site "Chess.com"]
[Date "2024.02.13"]
[Round "2"]
[White "Beca95"]
[Black "bipe137"]
[Result "0-1"]
[WhiteElo "2888"]
[BlackElo "2595"]
[TimeControl "180+1"]
[EndTime "14:17:27 PST"]
[Termination "bipe137 won by resignation"]

1. e4 c5 2. Nf3 e6 3. d4 cxd4 4. Nxd4 Nc6 5. Nc3 Nf6 6. a3 Bc5 7. Be3 Qb6 8. Na4 Qa5+ 9. c3 Bxd4 10. Bxd4 Nxd4 11. Qxd4 e5 12. Qc4 d6 13. Qb5+ Qxb5 14.
Bxb5+ Ke7 15. b4 Nxe4 16. f3 Nf6 17. O-O-O Be6 18. Bd3 Rac8 19. Kd2 Rc7 20. Nb2 d5 21. Rhe1 Nd7 22. Rc1 Rhc8 23. Bb5 f6 24. Bxd7 Kxd7 25.
g3 b6 26. f4 exf4 27. gxf4 Bf5 28. Rg1 Kd6 29. Rge1 h5 30. h4 Be4 31. Re3 Rg8 32.
Rg3 g6 33. Re1 Rgc8 34. Nd1 a5 35. Re2 axb4 36. axb4 Ra8 37. Ne3 Ra2+ 38. Ke1 Ra1+ 39. Kf2 Rh1 40. Nf1 Rxh4 41. Nd2 Rxf4+ 42. Ke1 h4 43.
Nxe4+ Rxe4 44. Rxg6 Ke5 45. Rg4 Rh7 46. Kf2 Rxe2+ 47. Kxe2 h3 48. Rg1 h2 49. Rh1 f5 0-1

[Event "Late-Titled-Tuesday-Blitz-February-13-2024"]
[Site "Chess.com"]
[Date "2024.02.13"]
[Round "2"]
[White "NCchamp"]
[Black "MathiasWomacka"]
[Result "0-1"]
[WhiteElo "2313"]
[BlackElo "2528"]
[TimeControl "180+1"]
[EndTime "14:17:29 PST"]
[Termination "MathiasWomacka won on time"]

1. d4 Nf6 2. c4 e6 3. Nc3 Bb4 4. Qc2 c5 5. e3 Nc6 6. Nf3 cxd4 7.
exd4 d5 8. c5 O-O 9. Be2 e5 10.
dxe5 Ng4 11. a3 Bxc5 12. O-O Ncxe5 13. h3 Nxf3+ 14. Bxf3 Ne5 15. Bxd5 Qh4 16. Qe4 Qxe4 17.
Nxe4 Bb6 18. Rd1 Rd8 19. Bf4 Nc6 20. Bxc6 bxc6 21. Rxd8+ Bxd8 22. Rc1 Be6 23. Nc5 Bd5 24. b4 a5 25. Re1 Bf6 26. bxa5 Bc3 27. Rb1 Bxa5 28.
Rb8+ Rxb8 29. Bxb8 Kf8 30. Bd6+ Ke8 31. Kf1 g5 32. f3 h5 33. Kf2 f6 34. g3 Kf7 35. h4 gxh4 36. gxh4 Kg6 37. Kg3 Kf5 38.
Bf8 Be1+ 39. Kg2 Bxh4 40. Nd3 Ke6 41. a4 Bc4 42. Nb4 Kd7 43. a5 Kc7 0-1